Map: Frozen Temple

Players

MaSa - Winner!

  • Race: Terran Terran

Cham

  • Race: Zerg Zerg

Event: DreamHack Open Tours WCS Spring Championship

VOD

https://www.youtube.com/watch?v=BT55xYZ-6HE

Description

Time

  • Played on: May 15, 2016, 3:26 p.m.
  • Length: 11:13

All games in this series

Show
View Real Time Build Order
Export as new Build Order

MaSa Terran - Winner!

Build Orders: Reaper Expand, MMM Bio 

Get SALT Encoding   

  12  0:00  SCV  
  13  0:12  SCV  
  14  0:17  Supply Depot  
  14  0:24  SCV  
  15  0:38  SCV  
  15  0:40  Barracks  
  16  0:42  Refinery  
  16  0:51  SCV  
  17  1:03  SCV  
  18  1:15  SCV  
  19  1:27  Orbital Command, Reaper  
  20  1:42  Command Center  
  20  1:48  Supply Depot  
  20  1:54  SCV  
  21  1:58  Marine  
  22  2:06  Refinery, SCV  
  23  2:15  Factory  
  23  2:18  SCV  
  23  2:20  Barracks Reactor  
  24  2:32  SCV  
  24  2:44  SCV  
  25  2:54  Orbital Command  
  25  2:56  SCV  
  25  2:57  Marine x2  
  25  2:58  Factory Tech Lab  
  28  3:00  Starport  
  28  3:08  SCV  
  29  3:15  Bunker  
  29  3:16  Marine, Siege Tank  
  29  3:17  Marine  
  34  3:20  SCV  
  34  3:21  SCV  
  36  3:32  SCV  
  37  3:34  Marine  
  37  3:35  Marine  
  37  3:38  Medivac  
  41  3:44  SCV  
  41  3:45  Supply Depot  
  42  3:57  Command Center  
  42  3:59  SCV x2  
  44  4:03  Liberator  
  44  4:09  Barracks  
  44  4:12  Factory Reactor  
  44  4:13  Barracks  
  44  4:14  SCV x2  
  49  4:25  Marine  
  49  4:26  SCV  
  49  4:27  SCV  
  49  4:30  Supply Depot  
  52  4:32  Supply Depot  
  52  4:38  SCV, Stimpack  
  53  4:39  SCV  
  54  4:54  SCV x2, Marine  
  54  4:55  Engineering Bay x2  
  54  4:57  Marine x2  
  59  5:03  Factory Tech Lab  
  59  5:05  Starport Reactor  
  59  5:06  SCV  
  55  5:08  SCV  
  55  5:10  Marine x2  
  55  5:13  Orbital Command  
  58  5:16  Refinery x2  
  58  5:17  Marine  
  58  5:18  SCV  
  58  5:19  Marine  
  58  5:21  Marine  
  61  5:22  SCV  
  61  5:26  Terran Infantry Weapons Level 1  
  63  5:29  Terran Infantry Armor Level 1  
  63  5:30  Marine x2  
  63  5:34  SCV, Orbital Command  
  66  5:42  SCV  
  67  5:44  Marine x2  
  69  5:50  Medivac  
  69  5:52  Medivac  
  69  5:53  SCV, Barracks  
  69  5:54  Barracks  
  74  5:58  SCV  
  74  5:59  SCV  
  74  6:02  Supply Depot  
  74  6:04  Supply Depot  
  76  6:05  Marine  
  76  6:06  Marine  
  75  6:13  SCV, Marine  
  75  6:14  Siege Tank  
  75  6:16  Marine  
  81  6:18  SCV  
  81  6:19  SCV  
  81  6:24  Supply Depot  
  81  6:25  Medivac  
  85  6:28  Medivac  
  85  6:29  SCV  
  85  6:30  Marine  
  89  6:34  Marine x3  
  89  6:36  SCV  
  93  6:40  Marine  
  93  6:42  Barracks Reactor x2  
  93  6:44  Combat Shields  
  94  6:47  SCV  
  94  6:48  Supply Depot  
  94  6:49  Marine  
  94  6:51  Marine  
  94  6:52  Marine  
  98  6:57  Marine  
  98  6:58  Marine  
  98  6:59  SCV x2  
  96  7:02  Medivac x2  
  96  7:07  Marine  
  96  7:08  Siege Tank  
  104  7:09  Marine x2  
  104  7:12  SCV  
  104  7:13  SCV  
  104  7:14  Marine  
  109  7:16  Supply Depot  
  109  7:19  Supply Depot  
  109  7:20  Armory  
  109  7:21  Marine  
  109  7:22  Marine  
  111  7:24  Marine x2  
  111  7:25  SCV  
  111  7:26  SCV  
  111  7:29  Marine x2  
  117  7:37  Medivac, Marine x2  
  117  7:38  SCV x2  
  117  7:42  Supply Depot  
  117  7:43  Supply Depot  
  123  7:44  Marine x3  
  123  7:45  Marine  
  123  7:47  Marine x2  
  123  7:48  SCV  
  130  7:55  Marine x3  
  130  7:58  SCV  
  123  8:00  Siege Tank  
  123  8:01  SCV  
  123  8:02  Marine x2  
  123  8:03  Marine x2  
  123  8:04  SCV  
  123  8:05  Marine  
  131  8:10  SCV  
  131  8:11  Refinery  
  129  8:14  Marine x4, Missile Turret  
  133  8:22  Supply Depot  
  133  8:25  Marine x3  
  136  8:28  Marine x2  
  136  8:31  Marine  
  136  8:32  Marine x3, Siege Tank  
  145  8:40  Supply Depot  
  145  8:42  Supply Depot, Marine  
  145  8:43  Marine  
  145  8:46  Marine x2  
  149  8:50  Marine  
  149  8:51  Marine x2  
  149  8:52  Marine x2  
  154  9:00  Marine x2  
  154  9:02  Liberator  
  154  9:05  Siege Tank  
  154  9:06  Marine x2, Liberator  
  154  9:08  Marine x2  
  146  9:10  Marine x2  
  146  9:13  Marine  
  138  9:18  Marine x2  
  138  9:23  Marine  
  138  9:24  Marine  
  148  9:26  Marine x2  
  148  9:28  Marine x2  
  148  9:31  Marine  
  153  9:36  Widow Mine  
  153  9:37  Barracks  
  153  9:38  Marine  
  156  9:41  Barracks  
  147  9:45  Marine  
  147  9:46  Marine  
  147  9:50  Marine x2  
  147  9:51  Marine  
  137  9:53  Marine  
  137  10:02  Marine  
  137  10:03  Marine x2  
  140  10:18  Siege Tank  
  140  10:19  Command Center  
  140  10:21  Marine x2  
  144  10:26  Marine x2  
  144  10:27  Marine  
  144  10:28  Marine  
  149  10:30  Marine  
  149  10:32  Marine  
  149  10:33  Marine  
  148  10:37  Marine x2  
  136  10:44  Marine  
  136  10:45  Marine  
  136  10:46  Marine  
  136  10:48  Marine  
  136  10:49  SCV  
  136  10:52  Marine  
  136  10:54  Marine  
Show
View Real Time Build Order
Export as new Build Order

Cham Zerg 

Build Orders: Hatch First 

Get SALT Encoding   

  12  0:01  Drone  
  13  0:08  Drone  
  14  0:17  Overlord  
  15  0:35  Drone x2  
  15  0:36  Drone  
  17  0:54  Hatchery  
  16  0:57  Drone  
  16  1:00  Drone  
  18  1:04  Extractor  
  17  1:12  Drone  
  17  1:17  Spawning Pool  
  17  1:21  Drone  
  18  1:30  Drone  
  19  1:41  Drone  
  20  1:53  Overlord  
  20  2:04  Queen  
  20  2:07  Queen, Zergling x4  
  26  2:08  Metabolic Boost  
  26  2:13  Zergling x2  
  27  2:18  Drone  
  28  2:27  Spore Crawler  
  28  2:28  Overlord  
  28  2:30  Drone  
  28  2:34  Spore Crawler  
  26  2:38  Drone  
  26  2:40  Drone  
  29  2:46  Queen  
  29  2:49  Queen  
  33  2:52  Drone  
  33  2:55  Drone  
  33  2:58  Drone  
  36  3:01  Drone  
  37  3:06  Drone  
  38  3:16  Drone x2  
  38  3:18  Drone x2  
  38  3:19  Drone x2  
  44  3:21  Overlord  
  44  3:31  Overlord  
  44  3:37  Hatchery  
  43  3:43  Extractor  
  43  3:45  Drone x2  
  44  3:49  Overlord  
  44  3:53  Drone x2  
  46  4:01  Drone x6  
  50  4:07  Overlord  
  50  4:11  Baneling Nest  
  50  4:14  Drone  
  50  4:16  Zergling x2  
  51  4:20  Zergling x2  
  51  4:22  Zergling x2  
  53  4:28  Zergling x2  
  54  4:32  Zergling x6  
  54  4:33  Zergling x4  
  59  4:38  Zergling x2  
  60  4:49  Overlord, Drone  
  61  4:54  Drone x2  
  61  4:57  Drone  
  64  5:05  Drone x2  
  65  5:08  Overlord  
  65  5:10  Lair  
  65  5:12  Drone x2  
  67  5:15  Evolution Chamber  
  67  5:17  Evolution Chamber, Drone x3  
  67  5:20  Drone x3  
  71  5:24  Drone  
  72  5:32  Drone  
  72  5:33  Drone x3  
  72  5:35  Overlord  
  75  5:38  Zergling x2  
  75  5:39  Extractor  
  75  5:41  Spore Crawler  
  75  5:42  Hatchery  
  73  5:43  Zergling x2  
  73  5:44  Zergling x8  
  73  5:49  Hatchery  
  77  5:51  Zergling x2  
  77  6:07  Drone x3  
  77  6:08  Drone  
  77  6:09  Drone  
  77  6:10  Drone  
  82  6:11  Drone x3  
  82  6:12  Extractor, Drone x2  
  82  6:14  Zerg Ground Armor Level 1  
  82  6:15  Zerg Melee Weapons Level 1, Drone  
  82  6:16  Drone x2  
  82  6:17  Centrifical Hooks, Overseer  
  88  6:22  Queen  
  88  6:23  Zergling x4  
  92  6:26  Overlord  
  92  6:29  Zergling x2  
  92  6:31  Burrow  
  93  6:33  Zergling x2  
  93  6:36  Baneling x5  
  93  6:38  Zergling x2  
  93  6:39  Baneling x2  
  94  6:41  Zergling x4  
  94  6:44  Baneling  
  94  6:45  Zergling x6  
  99  6:48  Queen  
  99  6:49  Zergling x8  
  103  6:59  Zergling x8  
  106  7:02  Zergling x4  
  106  7:07  Baneling x3  
  106  7:08  Zergling x10  
  110  7:12  Drone x2  
  115  7:16  Overlord  
  115  7:19  Zergling x4  
  115  7:21  Overlord  
  117  7:24  Overlord  
  117  7:26  Baneling x4  
  117  7:27  Zergling x2  
  117  7:29  Overlord x2  
  118  7:31  Overlord  
  112  7:37  Drone x2  
  112  7:38  Drone x5  
  112  7:44  Zergling x10  
  122  7:45  Drone x2  
  122  7:46  Overlord, Drone  
  122  7:48  Zergling x2  
  118  7:59  Drone x3  
  118  8:00  Zergling x4  
  118  8:01  Queen x2  
  118  8:02  Baneling  
  118  8:03  Baneling x2  
  118  8:04  Zergling x8  
  128  8:05  Zergling x2  
  128  8:06  Zergling x2  
  128  8:09  Zergling x4  
  128  8:10  Zergling x10  
  133  8:18  Zergling x6  
  133  8:19  Zergling x4  
  138  8:20  Baneling x3  
  138  8:21  Zerg Ground Armor Level 2, Zergling x4, Zerg Melee Weapons Level 2  
  140  8:27  Drone x2  
  140  8:33  Zergling x8  
  146  8:39  Zergling x2  
  146  8:41  Zergling x4  
  149  8:43  Zergling x4  
  149  8:44  Baneling x3  
  149  8:45  Baneling x5  
  149  8:48  Overlord  
  151  8:50  Zergling x2  
  140  9:03  Zergling x2  
  140  9:05  Zergling x2  
  140  9:06  Zergling x2, Hatchery  
  117  9:11  Zergling x6  
  117  9:14  Zergling x4  
  117  9:16  Zergling x8  
  118  9:17  Zergling x4  
  118  9:18  Zergling x6  
  118  9:24  Zergling x4, Baneling x2  
  125  9:25  Zergling x6, Baneling x2  
  125  9:28  Zergling x2, Baneling x3  
  125  9:30  Zergling x4  
  125  9:31  Zergling x2  
  132  9:34  Zergling x2  
  133  9:44  Zergling x4  
  129  9:45  Zergling x2  
  115  9:54  Zergling x2  
  115  9:55  Zergling x16  
  115  9:56  Zergling x14  
  115  9:58  Zergling x8  
  134  10:04  Zergling x6  
  135  10:08  Zergling x4  
  135  10:10  Baneling x4  
  135  10:12  Zergling x4  
  139  10:18  Zergling x4  
  141  10:22  Zergling x4  
  141  10:23  Zergling x6  
  142  10:32  Zergling x2  
  142  10:33  Zergling x4  
  126  10:37  Zergling x4  
  126  10:38  Hatchery  
  126  10:39  Zergling x6  
  126  10:41  Zergling x8  
  117  10:43  Baneling x3  
  117  10:44  Baneling  
  117  10:46  Zergling x6  
  115  10:52  Zergling x4  
  115  10:53  Zergling x14  

Tags
 
Add a new tag
Caveats
  • Supply blocks, unpowered buildings, or Contaminate may cause inaccurate times.
  • Supply counts are checked every 10 seconds.